Map: Catalyst LE

Players

Bly - Winner!

  • Race: Zerg Zerg
  • Spawn Location: 5:00

Snute

  • Race: Zerg Zerg
  • Spawn Location: 11:00

Event: WCS Leipzig 2018

VOD

Have the link to the VOD?

Description

Time

  • Played on: Jan. 26, 2018, 9:50 a.m.
  • Length: 4:05

All games in this series

Show
View Real Time Build Order
Export as new Build Order

Bly Zerg - Winner!

Build Orders: Pool Only 

Get SALT Encoding   

  12  0:17  Spawning Pool  
  11  0:22  Drone  
  11  0:26  Drone  
  13  0:32  Drone  
  14  0:41  Overlord  
  14  1:04  Zergling x4  
  16  1:05  Zergling x2  
  17  1:17  Zergling x2  
  18  1:26  Zergling x2  
  19  1:41  Zergling x2  
  20  1:48  Zergling x2  
  21  1:55  Spine Crawler  
  21  1:57  Spine Crawler  
  19  2:03  Spine Crawler  
  18  2:29  Spine Crawler  
  5  3:00  Zergling x4  
  7  3:11  Zergling x2  
  8  3:24  Zergling x2  
  9  3:31  Zergling x2  
  10  3:43  Zergling x2  
Show
View Real Time Build Order
Export as new Build Order

Snute Zerg 

Build Orders: Hatch First 

Get SALT Encoding   

  12  0:00  Drone  
  13  0:12  Overlord  
  13  0:17  Drone  
  14  0:30  Drone x2  
  14  0:34  Drone  
  17  0:52  Hatchery  
  17  0:54  Drone  
  17  0:58  Drone  
  17  1:01  Extractor  
  17  1:14  Spawning Pool  
  17  1:16  Drone  
  17  1:20  Drone  
  18  1:28  Drone  
  19  1:38  Overlord  
  19  2:01  Spine Crawler, Zergling x4  
  20  2:04  Zergling x2  
  22  2:10  Zergling x2  
  22  2:15  Zergling x2  
  25  2:27  Zergling x2  
  24  2:36  Spine Crawler  
  20  2:42  Zergling x2  
  21  2:50  Zergling x2  
  12  3:11  Zergling x4  
Tags
 
Add a new tag
Caveats
  • Supply blocks, unpowered buildings, or Contaminate may cause inaccurate times.
  • Supply counts are checked every 10 seconds.